 Dungeon Crawl Stone Soup version 0.29.1-1-gd02db6906a (webtiles) character file.

Game seed: 11822477972082094088

153729 sankara the Severer (level 17, -8/161 HPs)
             Began as a Minotaur Fighter on Oct 14, 2022.
             Was the Champion of Okawaru.
             Mangled by a salamander
             ... wielding a +4 halberd
              (17 damage)
             ... on level 2 of the Snake Pit.
             The game lasted 01:24:04 (23862 turns).

sankara the Severer (Minotaur Fighter)             Turns: 23862, Time: 01:24:05

Health: -8/161     AC: 30    Str: 23    XL:     17   Next: 5%
Magic:  21/21      EV: 15    Int: 13    God:    Okawaru [******]
Gold:   854        SH:  0    Dex: 14    Spells: 16/16 levels left

rFire   . . .      SeeInvis .   S - +7 battleaxe "Seurghod" {speed, rElec rCorr Int+4}
rCold   . . .      Faith    .   (shield currently unavailable)
rNeg    + . .      Spirit   .   H - +0 pearl dragon scales
rPois   +          Reflect  .   (helmet restricted)
rElec   +          Harm     .   G - +1 cloak of Okawaru's Condemnation {Rampage rPois Will+ Stlth+}
rCorr   +          Rampage  +   f - +0 pair of gloves
Will    ++...                   T - +2 pair of boots of Ucsos Myaq {Stlth+}
Stlth   ++........              s - amulet of regeneration
HPRegen 1.16/turn               g - +4 ring of protection
MPRegen 0.17/turn               Y - ring of Creativity {Str+2 Slay+4}

@: studying 2 skills
A: horns 2, retaliatory headbutt
a: Renounce Religion, Heroism, Finesse, Duel


You were on level 2 of the Snake Pit.
You worshipped Okawaru.
Okawaru was exalted by your worship.
You visited 5 branches of the dungeon, and saw 25 of its levels.
You visited the Abyss 2 times.
You also visited: Sewer.

You collected 2072 gold pieces.
You spent 1218 gold pieces at shops.

Inventory:

Hand Weapons
 a - the +7 battleaxe of the Vendetta {elec, rF+}
   (You found it on level 2 of the Dungeon)

   It occasionally discharges a powerful burst of electricity upon striking a
   foe.
   rF:        It protects you from fire.
 x - the +6 broad axe of the Evil Eye {venom, rF+ Str+5}
   (Okawaru gifted it to you on level 2 of the Orcish Mines)

   It poisons the flesh of those it strikes.
   Str:       It affects your strength (+5).
   rF:        It protects you from fire.
 Q - a +0 executioner's axe of electrocution
 S - the +7 battleaxe "Seurghod" (weapon) {speed, rElec rCorr Int+4}
   (Okawaru gifted it to you on level 14 of the Dungeon)

   Attacks with this weapon are significantly faster.
   Int:       It affects your intelligence (+4).
   rElec:     It insulates you from electricity.
   rCorr:     It protects you from acid and corrosion.
Missiles
 e - 242 stones
 j - 14 atropa-tipped darts
 l - 17 boomerangs (quivered)
 B - 16 javelins
 I - 16 poisoned darts
 L - 8 throwing nets
 W - 7 curare-tipped darts
Armour
 f - a +0 pair of gloves (worn)
 G - the +1 cloak of Okawaru's Condemnation (worn) {Rampage rPois Will+ Stlth+}
   (Okawaru gifted it to you on level 5 of the Lair of Beasts)

   rPois:     It protects you from poison.
   Rampage:   It bestows one free step when moving towards enemies.
   Will:      It increases your willpower.
   Stlth:     It makes you more stealthy.
 H - +0 pearl dragon scales (worn)
 T - the +2 pair of boots of Ucsos Myaq (worn) {Stlth+}
   (Okawaru gifted it to you on level 3 of the Lair of Beasts)

   Stlth:     It makes you more stealthy.
Jewellery
 d - the ring "Temosk" {Will+ Str+6}
   (You took it off an orc priest on level 9 of the Dungeon)

   [ring of strength]

   Str:       It affects your strength (+6).
   Will:      It increases your willpower.
 g - a +4 ring of protection (left hand)
 s - an amulet of regeneration (around neck)
 F - a ring of protection from cold
 P - a ring of see invisible
 Y - the ring of Creativity (right hand) {Str+2 Slay+4}
   (You found it on level 5 of the Lair of Beasts)

   [ring of slaying]

   Str:       It affects your strength (+2).
   Slay:      It affects your accuracy & damage with ranged weapons and melee
   (+4).
Wands
 k - a wand of roots (5)
 p - a wand of mindburst (25)
 t - a wand of paralysis (11)
 D - a wand of digging (5)
 E - a wand of flame (12)
 V - a wand of quicksilver (29)
Scrolls
 c - 3 scrolls of identify
 v - 13 scrolls of teleportation
 w - a scroll of magic mapping
 y - a scroll of fog
 A - 2 scrolls of brand weapon
 M - 2 scrolls of silence
 O - 2 scrolls of blinking
 R - 3 scrolls of enchant armour
 U - 4 scrolls of fear
 X - a scroll of enchant weapon
 Z - 2 scrolls of poison
Potions
 h - 6 potions of brilliance
 i - 5 potions of mutation
 m - 3 potions of ambrosia
 n - 6 potions of lignification
 o - 10 potions of heal wounds
 q - 10 potions of curing
 r - 2 potions of magic
 u - 9 potions of flight
 J - a potion of cancellation
 K - a potion of haste
 N - a potion of invisibility


   Skills:
 + Level 17.3 Fighting
 - Level 20.0 Axes
 + Level 10.7 Throwing
 + Level 17.2 Armour
 + Level 11.3 Dodging
 - Level 4.5 Shields
 - Level 7.0 Invocations
 + Level 8.8 Evocations


You had 16 spell levels left.
You didn't know any spells.
Your spell library contained the following spells:

 Spells                   Type           Power      Damage    Failure   Level
 Necrotise                Necr           0%         1d4       54%         1
 Sandblast                Erth           0%         2d4       54%         1
 Passwall                 Tmut/Erth      0%         N/A       67%         2
 Conjure Flame            Conj/Fire      0%         6-21      88%         3
 Dazzling Flash           Conj/Hex       0%         N/A       88%         3
 Frozen Ramparts          Ice            0%         1d1       88%         3
 Ignite Poison            Fire/Tmut/Pois 0%         N/A       88%         3
 Ozocubu's Armour         Ice            0%         N/A       88%         3
 Portal Projectile        Hex/Tloc       0%         N/A       88%         3
 Stone Arrow              Conj/Erth      0%         3d7       88%         3
 Vampiric Draining        Necr           0%         2d6       88%         3
 Ice Form                 Ice/Tmut       0%         N/A       99%         4
 Sticky Flame             Conj/Fire      0%         2d3       99%         4
 Agony                    Necr           0%         N/A       100%        5
 Blade Hands              Tmut           0%         N/A       100%        5
 Fireball                 Conj/Fire      0%         3d3       100%        5
 Silence                  Hex/Air        0%         N/A       100%        5
 Ozocubu's Refrigeration  Ice            0%         4d7       100%        7
 Tukima's Dance           Hex            Unusable   N/A       N/A         3
 Summon Ice Beast         Ice/Summ       Unusable   N/A       N/A         4

Dungeon Overview and Level Annotations

Branches:
Dungeon (15/15)            Temple (1/1) D:7            Lair (5/5) D:9
 Shoals (0/4) Lair:3        Snake (2/4) Lair:3        Slime (0/5) Lair:5
    Orc (2/2) D:9             Elf (0/3) Orc:2        Vaults (0/5) D:13
 Depths (0/4) D:15          Sewer (visited)

Altars:
Ashenzari
Cheibriados
Dithmenos
Elyvilon
Fedhas
Gozag
Hepliaklqana
Kikubaaqudgha
Makhleb
Nemelex Xobeh
Okawaru
Qazlal
Ru
Sif Muna
Trog
Uskayaw
Vehumet
Wu Jian
Xom
Yredelemnul
Zin
The Shining One
Jiyva
Lugonu

Shops:
Orc:2 **[*:

Portals:
Abyss: Lair:5

Annotations:
D:5 3 runed translucent doors, MisterFreud's ghost, amateur FoGl
D:12 3 runed translucent doors, Cooqonn's ghost, journeyman DsVM
D:14 1 runed translucent door, t4s4d4r's ghost, adept OpSu


Innate Abilities, Weirdness & Mutations

You have a pair of horns on your head.
You reflexively headbutt those who attack you in melee.


Message History

The naga warrior is almost dead.
You slice the naga warrior!!
Unknown command.
The naga warrior blocks your attack.
You headbutt the naga warrior.
The naga warrior is almost dead.
You slash the naga warrior!
You kill the naga warrior!
Okawaru accepts your kill.
Unknown command.
You completely miss the naga warrior.
The naga warrior is almost dead.
The salamander hits you from afar with a +4 halberd!
You are engulfed in flames!
The naga warrior barely misses you. You furiously retaliate!
You headbutt the naga warrior!
You kill the naga warrior!
Okawaru accepts your kill.
A naga comes into view. It is wielding a +2 antimagic halberd.
The naga shouts!
You hear an angry hiss.
The naga hits you with a +0 hand axe!! The naga grabs you.
The naga constricts you. The naga closely misses you.
The salamander hits you with a +4 halberd!!
You are engulfed in flames!
* * * LOW HITPOINT WARNING * * *
Items here: )) [ †††.
You are too injured to fight recklessly!
Unknown command.
You escape the naga's grasp.
The salamander attacks as you move away!
The salamander hits you with a +4 halberd!!
* * * LOW HITPOINT WARNING * * *
You are engulfed in flames!
* * * LOW HITPOINT WARNING * * *
The salamander hits you but does no damage.
The naga spits poison at you. The splash of poison misses you.
There is a stone staircase leading up, spattered with blood here.
The electric eel shoots out a bolt of lightning at you!
The bolt of electricity hits you but does no damage. x2
The salamander hits you from afar with a +4 halberd!
You die...

.
...#######
......N)@#
#.###.)##
#.N♣# #.♣N♣
♣S♣♣N~~# ♣~
~~~~P.#
♣~≈~~~~~.#
♣P≈NP~~~.#
~≈≈≈~~~♣...


You could see a salamander (strong), a naga (strong, catching breath) and an
electric eel.

Vanquished Creatures
  An ancient lich (Abyss:3)
  Nikola (Snake:1)
  Rupert (Lair:3)
  Jorgrun (D:13)
  6 tentacled starspawn
  Frances (Snake:1)
  Agnes (D:15)
  Kirke (D:12)
  Louise (D:15)
  A deep elf elementalist (Abyss:3)
  A starcursed mass (Abyss:3)
  Azrael (Lair:3)
  Nessos (D:13)
  A bunyip (Abyss:3)
  4 boulder beetles
  2 catoblepae
  2 ogre magi
  6 centaur warriors
  6 two-headed ogres
  5 anacondas (Snake:1)
  5 hydras
  5 naga warriors
  9 death yaks
  A tengu warrior (D:13)
  2 naga sharpshooters (Snake:1)
  5 thrashing horrors
  4 orc high priests (Orc:2)
  A shock serpent (Snake:2)
  Urug (D:13)
  4 wretched stars
  A salamander mystic (Snake:2)
  3 sea snakes (Snake:2)
  5 deep trolls (D:13)
  A wizard (D:15)
  Pikel (D:5)
  A deep elf archer (D:13)
  7 orc knights
  3 naga ritualists (Snake:1)
  A deep elf zephyrmancer (D:13)
  5 orc sorcerers
  A necromancer (D:15)
  6 deep elf pyromancers
  3 mana vipers
  9 ugly things
  5 oklob plants
  A will-o-the-wisp (Abyss:3)
  A worldbinder (Abyss:2)
  7 salamanders
  3 manticores
  Maurice (Orc:1)
  A centaur zombie (D:15)
  3 smoke demons
  An apocalypse crab (Abyss:2)
  A gargoyle (D:11)
  27 black mambas
  Maggie (D:7)
  5 naga magi
  2 centaur skeletons
  A torpor snail (Lair:1)
  13 cane toads
  3 kobold demonologists
  2 rime drakes
  2 tengu conjurers
  An ice devil (Abyss:2)
  An efreet (D:15)
  9 komodo dragons
  A yaktaur (shapeshifter) (Lair:5)
  4 ancient zymes
  A freezing wraith (D:11)
  8 trolls
  A harpy zombie (D:15)
  4 polar bears
  35 blink frogs
  A slime creature (D:9)
  10 dream sheep
  10 raiju
  A centaur simulacrum (D:15)
  4 flying skulls (Abyss:2)
  3 water elementals
  4 wyverns
  A spriggan (Lair:5)
  3 wraiths
  2 shadows
  2 ynoxinuls
  A human (D:12)
  41 yaks
  11 large abominations
  2 vampires
  3 fire elementals
  9 basilisks
  3 hogs (D:12)
  An alligator snapping turtle simulacrum (Abyss:2)
  5 chaos spawn
  A neqoxec (Abyss:3)
  4 vampire mosquitoes (D:14)
  A steam dragon (D:8)
  6 wargs
  2 acid dragons
  12 nagas
  4 hell hounds (Snake:1)
  3 black bears
  21 water moccasins
  2 ice beasts (D:6)
  19 orc warriors
  3 sky beasts
  12 ogres
  30 centaurs
  7 wolves
  2 lemures (D:5)
  A phantom (D:6)
  2 kobold brigands (D:13)
  8 bullfrogs
  An earth elemental (Abyss:2)
  4 gnoll sergeants
  2 necrophages
  5 wights (D:9)
  A hornet simulacrum (D:14)
  26 killer bees
  2 electric eels
  2 howler monkeys
  2 hounds (D:10)
  A quasit (Abyss:2)
  2 iron imps
  3 jellies
  19 orc priests
  5 gnoll boudas
  6 iguanas
  Ijyb (D:5)
  Natasha (thrice) (D:2)
  24 orc wizards
  A merfolk siren (Sewer)
  A merfolk avatar (Sewer)
  A boggart skeleton (D:15)
  13 small abominations
  31 gnolls
  9 adders
  3 shadow imps
  2 white imps (D:7)
  An ufetubus (Abyss:2)
  4 worms
  A dart slug (D:2)
  80 orcs
  4 endoplasms
  9 giant cockroaches
  9 goblins
  9 hobgoblins
  17 jackals
  7 quokkas
  7 ball pythons
  5 bats
  6 frilled lizards
  7 kobolds
  36 rats
  A bush (Lair:4)
  A starspawn tentacle (Abyss:3)
904 creatures vanquished.

Vanquished Creatures (others)
  A black mamba (Snake:1)
  A naga (Snake:1)
  2 gnolls (D:8)
  A kobold (D:13)
  A ball python (D:1)
  14 fungi
  32 plants
  7 starspawn tentacles
59 creatures vanquished.

Grand Total: 963 creatures vanquished

Notes
Turn   | Place    | Note
-------+----------+-------------------------------------------
     0 | D:1      | sankara the Minotaur Fighter began the quest for the Orb.
     0 | D:1      | Reached XP level 1. HP: 19/19 MP: 0/0
    32 | D:1      | Reached XP level 2. HP: 23/27 MP: 1/1
   155 | D:1      | Reached skill level 3 in Axes
   406 | D:1      | Reached XP level 3. HP: 33/33 MP: 2/2
   908 | D:2      | Reached XP level 4. HP: 40/40 MP: 3/3
   968 | D:2      | Noticed Natasha
   978 | D:2      | Killed Natasha
   979 | D:2      | Reached skill level 4 in Axes
  1346 | D:2      | Identified the +7 battleaxe of the Vendetta {elec, rF+}
  1425 | D:2      | Noticed Natasha
  1429 | D:2      | Killed Natasha
  1430 | D:2      | Reached XP level 5. HP: 44/47 MP: 4/4
  1467 | D:2      | Noticed Natasha
  1471 | D:2      | Killed Natasha
  1862 | D:3      | Found a glowing drain.
  1877 | Sewer    | Entered a sewer
  1969 | Sewer    | Reached skill level 5 in Axes
  2131 | Sewer    | Reached skill level 5 in Fighting
  2131 | Sewer    | Reached XP level 6. HP: 20/56 MP: 5/5
  2713 | D:3      | Reached skill level 5 in Armour
  3061 | D:3      | Found a faded altar of an unknown god.
  3719 | D:4      | Reached skill level 6 in Axes
  3763 | D:4      | Identified the +0 ring mail of Enormous Knowledge {+Blink
                  | rN+ Int-5}
  3868 | D:4      | Reached XP level 7. HP: 56/61 MP: 6/6
  4051 | D:5      | Entered Level 5 of the Dungeon
  4157 | D:5      | Noticed Pikel
  4189 | D:5      | Killed Pikel
  4190 | D:5      | Reached skill level 8 in Axes
  4190 | D:5      | Reached XP level 8. HP: 55/71 MP: 7/7
  4500 | D:5      | Identified a scroll of acquirement
  4500 | D:5      | Acquired a manual of Shields
  4547 | D:5      | Noticed MisterFreud's ghost (amateur FoGl)
  4670 | D:5      | Found a runed translucent gate.
  4670 | D:5      | Found a runed translucent gate.
  4670 | D:5      | Found a runed translucent gate.
  4697 | D:5      | Noticed Ijyb
  4702 | D:5      | Killed Ijyb
  4900 | D:5      | Reached skill level 9 in Axes
  5723 | D:6      | Reached skill level 10 in Axes
  5723 | D:6      | Reached XP level 9. HP: 77/81 MP: 8/8
  6761 | D:7      | Found a staircase to the Ecumenical Temple.
  6771 | Temple   | Entered the Ecumenical Temple
  7086 | Temple   | Became a worshipper of Warmaster Okawaru
  7161 | D:7      | Reached skill level 11 in Axes
  7283 | D:7      | Noticed Maggie
  7290 | D:7      | Killed Maggie
  7623 | D:8      | Noticed a two-headed ogre
  7630 | D:8      | Killed a two-headed ogre
  7630 | D:8      | Reached * piety under Okawaru
  7631 | D:8      | Reached skill level 12 in Axes
  7631 | D:8      | Reached XP level 10. HP: 59/91 MP: 9/9
  7797 | D:8      | Found a sacrificial altar of Ru.
  8042 | D:8      | Reached ** piety under Okawaru
  8138 | D:8      | Found a snail-covered altar of Cheibriados.
  8254 | D:9      | Found a shadowy altar of Dithmenos.
  8298 | D:9      | Reached skill level 13 in Axes
  8307 | D:9      | Reached skill level 10 in Fighting
  8311 | D:9      | Found a staircase to the Lair.
  8316 | D:9      | Reached skill level 10 in Armour
  8376 | D:9      | Reached *** piety under Okawaru
  8413 | D:9      | Found a staircase to the Orcish Mines.
  8556 | D:9      | Reached skill level 14 in Axes
  8581 | D:9      | Noticed a green ugly thing
  8592 | D:9      | Reached **** piety under Okawaru
  8604 | D:9      | Noticed a centaur warrior
  8610 | D:9      | Killed a centaur warrior
  8611 | D:9      | Reached XP level 11. HP: 74/101 MP: 10/10
  8645 | D:9      | Noticed a brown ugly thing
  8646 | D:9      | Identified the +3 hand crossbow of Dissent {freeze, Str+5}
  8648 | D:9      | Identified the ring "Temosk" {Will+ Str+6}
  8651 | D:9      | Noticed a boulder beetle
  8652 | D:9      | Killed a green ugly thing
  8662 | D:9      | Killed a brown ugly thing
  8674 | D:9      | Killed a boulder beetle
  8674 | D:9      | Reached ***** piety under Okawaru
  9098 | D:10     | Entered Level 10 of the Dungeon
  9116 | D:10     | Reached skill level 15 in Axes
  9395 | D:10     | Reached skill level 1 in Dodging
  9527 | D:10     | Reached skill level 1 in Invocations
  9739 | D:10     | Found an ornate altar of the Wu Jian Council.
  9740 | D:10     | Found a bloodstained altar of Trog.
  9938 | D:11     | Noticed a boulder beetle
  9954 | D:11     | Killed a boulder beetle
 10115 | D:11     | Noticed a two-headed ogre
 10121 | D:11     | Killed a two-headed ogre
 10124 | D:11     | Reached ****** piety under Okawaru
 10770 | D:12     | Noticed a boulder beetle
 10783 | D:12     | Killed a boulder beetle
 10784 | D:12     | Reached XP level 12. HP: 97/112 MP: 13/13
 10793 | D:12     | Found a runed translucent gate.
 10793 | D:12     | Found a runed translucent gate.
 10793 | D:12     | Found a runed translucent gate.
 10793 | D:12     | Noticed an azure jelly
 10793 | D:12     | Noticed an acid blob
 10793 | D:12     | Noticed Cooqonn's ghost (journeyman DsVM)
 10793 | D:12     | Noticed an azure jelly
 10793 | D:12     | Noticed an acid blob
 10793 | D:12     | Noticed an acid blob
 10794 | D:12     | Noticed an acid blob
 10794 | D:12     | Noticed an acid blob
 10794 | D:12     | Noticed a rockslime
 10795 | D:12     | Noticed an acid blob
 10807 | D:12     | Reached skill level 1 in Throwing
 10838 | D:12     | You fall into a shaft and drop 2 floors!
 10880 | D:14     | Noticed a two-headed ogre
 10886 | D:14     | Killed a two-headed ogre
 10886 | D:14     | Identified the +7 battleaxe "Seurghod" {speed, rElec rCorr
                  | Int+4} (Okawaru gifted it to you on level 14 of the
                  | Dungeon)
 10886 | D:14     | Received a gift from Okawaru
 10934 | D:14     | Noticed a six-headed hydra
 10939 | D:14     | Killed an eight-headed hydra
 10946 | D:14     | Noticed a catoblepas
 10957 | D:14     | Killed a catoblepas
 10958 | D:14     | Found a runed translucent door.
 11069 | D:14     | Noticed a centaur warrior
 11079 | D:14     | Reached skill level 5 in Dodging
 11082 | D:14     | Killed a centaur warrior
 11233 | D:13     | Noticed a death yak
 11245 | D:13     | Killed a death yak
 11246 | D:13     | Reached skill level 16 in Axes
 11430 | D:13     | Noticed a tengu warrior
 11450 | D:13     | Killed a tengu warrior
 11459 | D:13     | Noticed an ogre mage
 11470 | D:13     | Killed an ogre mage
 11472 | D:13     | Noticed a death yak
 11472 | D:13     | Noticed a death yak
 11472 | D:13     | Noticed Urug
 11640 | Lair:1   | Entered Level 1 of the Lair of Beasts
 11651 | Lair:1   | Reached skill level 5 in Invocations
 11653 | Lair:1   | Received a gift from Okawaru
 11960 | Lair:1   | Reached XP level 13. HP: 121/122 MP: 15/15
 12283 | Lair:1   | Received a gift from Okawaru
 13113 | Lair:2   | Reached skill level 17 in Axes
 13130 | Lair:2   | Reached skill level 5 in Throwing
 13413 | Lair:3   | Found a staircase to the Snake Pit.
 13419 | Lair:3   | Received a gift from Okawaru
 13735 | Lair:3   | Found a staircase to the Shoals.
 13828 | Lair:3   | Received a gift from Okawaru
 14419 | Lair:3   | Identified the +2 pair of boots of Ucsos Myaq {Stlth+}
                  | (Okawaru gifted it to you on level 3 of the Lair of Beasts)
 14419 | Lair:3   | Received a gift from Okawaru
 14955 | Lair:4   | Reached skill level 18 in Axes
 14958 | Lair:4   | Reached XP level 14. HP: 76/132 MP: 17/17
 15430 | Lair:5   | Entered Level 5 of the Lair of Beasts
 15736 | Lair:5   | Found a viscous altar of Jiyva.
 15737 | Lair:5   | Found a staircase to the Slime Pits.
 15801 | Lair:5   | Found the +2 cloak of the Thief {*Fog Slay-2 SInv Stlth+}
 15823 | Lair:5   | Identified the +1 cloak of Okawaru's Condemnation {Rampage
                  | rPois Will+ Stlth+} (Okawaru gifted it to you on level 5 of
                  | the Lair of Beasts)
 15823 | Lair:5   | Received a gift from Okawaru
 16099 | Abyss:2  | Cast into level 2 of the Abyss (spriggan)
 16108 | Abyss:2  | Found a corrupted altar of Lugonu.
 16145 | Abyss:2  | Found a corrupted altar of Lugonu.
 16149 | Abyss:2  | Found a corrupted altar of Lugonu.
 16149 | Abyss:2  | Found a corrupted altar of Lugonu.
 16226 | Abyss:2  | Noticed a tentacled starspawn
 16241 | Abyss:2  | Reached skill level 19 in Axes
 16244 | Abyss:2  | Killed a tentacled starspawn
 16377 | Abyss:2  | Found a stormy altar of Qazlal.
 16381 | Abyss:2  | Found a corrupted altar of Lugonu.
 16463 | Abyss:2  | Received a gift from Okawaru
 16530 | Abyss:2  | Identified the +2 robe of the Nexus {rC++} (Okawaru gifted
                  | it to you on level 2 of the Abyss)
 16530 | Abyss:2  | Received a gift from Okawaru
 16563 | Abyss:2  | Noticed a tentacled starspawn
 16570 | Abyss:2  | Killed a tentacled starspawn
 16630 | Abyss:2  | Reached skill level 15 in Fighting
 16635 | Lair:5   | Escaped the Abyss
 16647 | Lair:5   | Found a corrupted altar of Lugonu.
 16647 | Lair:5   | Found a one-way gate to the infinite horrors of the Abyss.
 16658 | Lair:5   | Identified the ring of Creativity {Str+2 Slay+4}
 17084 | Lair:5   | Reached XP level 15. HP: 132/141 MP: 19/19
 17484 | D:12     | Reached skill level 15 in Armour
 17581 | D:12     | Noticed Kirke
 17595 | D:12     | Killed Kirke
 17954 | D:12     | Found a viscous altar of Jiyva.
 18000 | Orc:1    | Entered Level 1 of the Orcish Mines
 18001 | Orc:1    | Noticed Maurice
 18011 | Orc:1    | Killed Maurice
 18131 | Orc:2    | Entered Level 2 of the Orcish Mines
 18131 | Orc:2    | Found Venoj's Vocational Training.
 18287 | Orc:2    | Found a staircase to the Elven Halls.
 18816 | Orc:2    | Identified the +6 broad axe of the Evil Eye {venom, rF+
                  | Str+5} (Okawaru gifted it to you on level 2 of the Orcish
                  | Mines)
 18816 | Orc:2    | Received a gift from Okawaru
 18826 | Orc:2    | Reached skill level 20 in Axes
 18902 | Orc:2    | Found Zynutud's General Store.
 18902 | Orc:2    | Found Soet's Armour Shoppe.
 18904 | Orc:2    | Found Ferghiod's General Store.
 18904 | Orc:2    | Found Ischacsod's General Store.
 18980 | Orc:2    | Bought a manual of Evocations for 960 gold pieces
 19044 | Orc:2    | Bought a potion of haste for 120 gold pieces
 19044 | Orc:2    | Bought a scroll of fog for 48 gold pieces
 19044 | Orc:2    | Bought a scroll of enchant armour for 90 gold pieces
 19554 | D:13     | Reached skill level 1 in Evocations
 19572 | D:13     | Killed Urug
 19647 | D:13     | Noticed Jorgrun
 19667 | D:13     | Killed Jorgrun
 19747 | D:13     | Noticed Nessos
 19763 | D:13     | Killed Nessos
 20145 | D:13     | Found a gate to the Vaults.
 20265 | D:13     | Received a gift from Okawaru
 20303 | D:13     | Got the Grimoire of Frostbite and Conflagration
 20715 | D:14     | Noticed t4s4d4r's ghost (adept OpSu)
 20717 | D:14     | Identified the +5 spear of Valour {drain, rF+ Will+ Str+2
                  | Int+4}
 20781 | D:15     | Entered Level 15 of the Dungeon
 20905 | D:15     | Identified the +1 buckler of Understanding {Contam +Blink
                  | rElec rN+ Dex+2} (Okawaru gifted it to you on level 15 of
                  | the Dungeon)
 20905 | D:15     | Received a gift from Okawaru
 21161 | D:15     | Noticed Agnes
 21176 | D:15     | Killed Agnes
 21585 | D:15     | Identified the +6 tower shield of the Kraken {Contam
                  | Rampage Str+4}
 21585 | D:15     | Noticed Louise
 21589 | Abyss:3  | Cast into level 3 of the Abyss (Louise)
 21677 | Abyss:3  | Reached skill level 5 in Evocations
 21697 | Abyss:3  | Reached XP level 16. HP: 150/151 MP: 20/20
 21711 | Abyss:3  | Noticed a tentacled starspawn
 21725 | Abyss:3  | Killed a tentacled starspawn
 21744 | Abyss:3  | Found a corrupted altar of Lugonu.
 21788 | Abyss:3  | Noticed a tentacled starspawn
 21795 | Abyss:3  | Killed a tentacled starspawn
 21814 | Abyss:3  | Noticed a tentacled starspawn
 21816 | Abyss:3  | Noticed a tentacled starspawn
 21823 | Abyss:3  | Killed a tentacled starspawn
 21835 | Abyss:3  | Killed a tentacled starspawn
 21891 | Abyss:3  | Reached skill level 10 in Dodging
 21908 | Abyss:3  | Noticed an ancient lich
 21923 | Abyss:3  | Killed an ancient lich
 21926 | D:15     | Escaped the Abyss
 21929 | D:15     | Received a gift from Okawaru
 21938 | D:15     | Killed Louise
 21990 | D:15     | Found a staircase to the Depths.
 22326 | Snake:1  | Entered Level 1 of the Snake Pit
 22326 | Snake:1  | Noticed Azrael
 22333 | Snake:1  | Noticed Rupert
 22349 | Lair:3   | Killed Rupert
 22402 | Lair:3   | Killed Azrael
 22403 | Lair:3   | Reached skill level 10 in Throwing
 22778 | Snake:1  | Noticed Frances
 22791 | Snake:1  | Killed Frances
 22816 | Snake:1  | Identified the +1 pair of boots of Eppey {Harm Rampage
                  | Str-2 Stlth+} (Okawaru gifted it to you on level 1 of the
                  | Snake Pit)
 22816 | Snake:1  | Received a gift from Okawaru
 23239 | Snake:1  | Noticed Nikola
 23260 | Snake:1  | Killed Nikola
 23723 | Snake:2  | Reached XP level 17. HP: 122/161 MP: 17/21
 23861 | Snake:2  | HP: 7/161 [salamander/+4 halberd (9)]
 23862 | Snake:2  | Mangled by a salamander

Illustrated notes

Levels and vault maps discovered:
D:1:      dpeg_arrival_simpleton_a, layout_rooms, nrook_campfire
D:2:      wander_river, layout_basic, uniq_natasha
D:3:      layout_loops_corners, cheibrodos_sewer_entry_drain,
          hellmonk_ecumenical_altar_prayer_group, minivault_5, glass_columns_c,
          chequers_serial_rivers_room_a
D:4:      layout_basic, minmay_misc_feat_cross
D:5:      layout_basic, gammafunk_ghost_icy, nrook_mini_vaults,
          minmay_misc_feat_nine_boxes, kennysheep_generic_room_13, uniq_ijyb,
          uniq_pikel
D:6:      layout_layer_cave
D:7:      layout_basic, minmay_temple_entry_large_hall, uniq_maggie
D:8:      layout_rooms, nicolae_ru_sacrificial_ziggurat, chei_slow_surprise
D:9:      minmay_the_grid_triangle_9x9_rhombus_thin
          [minmay_the_grid_triangle_9x9_checkered,
          minmay_the_grid_triangle_9x9_prize_insulated,
          minmay_the_grid_triangle_9x9_empty,
          minmay_the_grid_triangle_9x9_negative_grid], layout_irregular_city,
          mainiacjoe_overflow_six_doors_small, erik_lair_orcish_takeover,
          orc_0_dummy
D:10:     layout_cave_pools, gammafunk_temple_overflow_pools, serial_gnoll_camp,
          gnoll_camp_mini_loothouse, gnoll_camp_mini_sergeant,
          gnoll_camp_medium_02, gnoll_camp_mini_house
D:11:     minmay_general_purpose_star, layout_basic, serial_bayou,
          serial_bayou_pond_e, serial_bayou_crossing, serial_bayou_pond_b,
          serial_bayou_pond_e, statue_in_the_mist_lemuel
D:12:     layout_rooms, gammafunk_ghost_ooze, uniq_kirke
D:13:     lemuel_troll_bridge, layout_basic,
          hangedman_vaults_entry_quadrant_bands, uniq_jorgrun, uniq_nessos,
          uniq_urug
D:14:     layout_cave_pools, ebering_ghost_funeral_grove,
          minmay_tree_intersection
D:15:     grunt_enter_depths_magical_seal, layout_basic,
          minmay_misc_feat_plants, uniq_agnes, uniq_louise
Temple:   minmay_temple_bridge_d
Lair:1:   layout_loops_ring
Lair:2:   layout_cave_pods, infiniplex_staircase_pool
Lair:3:   minmay_lair_oklob_tunnel, layout_layer_cave, elwin_shoals_entry_rocks,
          minmay_snake_entry_six_corridors
Lair:4:   layout_long_grid, beast_lair_carwin_2, grunt_megastairs_2,
          lemuel_fruit_tree
Lair:5:   hellmonk_lair_end_abyssal_woods, layout_regular_city, slime_entry_1,
          grunt_megastairs_1
Snake:1:  layout_misc_corridors, nicolae_snake_guarding_the_ruins, uniq_rupert,
          uniq_frances, uniq_nikola, uniq_azrael
Snake:2:  layout_basic, nicolae_snake_squiggles, serial_bayou_lagoon_b
Orc:1:    layout_caves, uniq_maurice
Orc:2:    grunt_orc_tribal_feast, layout_caves, nicolae_shop_vocational

Skill      XL: |  1  2  3  4  5  6  7  8  9 10 11 12 13 14 15 16 |
---------------+-------------------------------------------------+-----
Axes           | 3 4 5 6 8 10 12 14 15 16 18 19 20 | 20.0
Fighting       | 4 5 6 7 9 10 12 13 14 15 16 17 | 17.3
Shields        | 4 |  4.5
Armour         | 4 5 6 7 9 10 12 13 14 16 17 | 17.2
Dodging        | 3 6 7 9 11 | 11.3
Invocations    | 3 5 6 7 |  7.0
Throwing       | 4 5 7 9 10 | 10.7
Evocations     | 5 8 |  8.8

Action                   |  1- 3 |  4- 6 |  7- 9 | 10-12 | 13-15 | 16-18 || total
-------------------------+-------+-------+-------+-------+-------+-------++-------
Melee: War axe           |    62 |    23 |       |       |       |       ||    85
       Headbutt          |     7 |    25 |    30 |    70 |   242 |    90 ||   464
       Battleaxe         |       |   154 |   149 |   427 |  1091 |   359 ||  2180
Throw: Boomerang         |       |       |       |     5 |    73 |    13 ||    91
Invok: Heroism           |       |       |       |     2 |    13 |     6 ||    21
       Finesse           |       |       |       |     1 |     5 |     3 ||     9
Evoke: Wand              |       |       |       |     6 |     1 |     1 ||     8
  Use: Scroll            |       |     1 |    13 |     6 |     4 |     2 ||    26
       Potion            |       |       |       |     3 |       |       ||     3
 Stab: Sleeping          |       |       |       |       |     2 |       ||     2
       Distracted        |       |       |       |       |       |     1 ||     1
Armor: Scale mail        |    36 |    91 |     1 |       |       |       ||   128
       Chain mail        |       |       |    98 |    91 |       |       ||   189
       Pearl dragon scal |       |       |       |   212 |   474 |   124 ||   810
Dodge: Dodged            |    21 |    89 |    65 |   225 |   448 |   159 ||  1007
       Repelled          |       |       |       |     7 |    11 |       ||    18
Block: Buckler           |    12 |     5 |       |       |       |       ||    17
